 Dungeon Crawl Stone Soup version 0.30.1-11-g7821555f0a (webtiles) character file.

Game seed: 4136573942491528090

89 Ijustatesigmund the Conjurer (level 4, -3/29 HPs)
             Began as an Octopode Conjurer on Jan 4, 2024.
             Slain by a goblin
             ... wielding a +0 club
             ... led by Robin
              (6 damage)
             ... on level 2 of the Dungeon.
             The game lasted 00:02:48 (2315 turns).

Ijustatesigmund the Conjurer (Octopode Conjurer)    Turns: 2315, Time: 00:02:49

Health: -3/29      AC:  1    Str:  6    XL:     4   Next: 55%
Magic:  2/8        EV: 13    Int: 22    God:
Gold:   150        SH:  0    Dex: 10    Spells: 6/9 levels left

rFire   . . .        b - +0 quarterstaff
rCold   . . .        (shield currently unavailable)
rNeg    . . .        (helmet restricted)
rPois   .            (no amulet)
rElec   .            (no ring)
rCorr   .            (no ring)
SInv    .            (no ring)
Will    .....        (no ring)
Stlth   +++          (no ring)
HPRegen 0.24/turn    (no ring)
MPRegen 0.11/turn    (no ring)
                     (no ring)

%: no passive effects
@: no status effects
A: almost no armour, amphibious, 8 rings, camouflage 1, gelatinous body 1,
(nimble swimmer 1), tentacles
a: no special abilities


You were on level 2 of the Dungeon.
You visited 1 branch of the dungeon, and saw 2 of its levels.

You collected 150 gold pieces.

Inventory:

Hand Weapons
 b - a +0 quarterstaff (weapon)
Wands
 j - a wand of light (12)
 l - a wand of flame (1)
Scrolls
 c - a scroll of immolation {unknown}
 d - 3 scrolls of vulnerability {unknown}
 h - a scroll of blinking {unknown}
 k - 3 scrolls of magic mapping {unknown}
Potions
 a - a potion of magic
 e - a potion of degeneration {unknown}
 f - a potion of brilliance
 g - a potion of flight {unknown}


   Skills:
 + Level 2.1 Fighting
 - Level 2.0 Dodging
 - Level 2.6 Stealth
 + Level 3.0 Spellcasting
 + Level 4.6 Conjurations


You had 6 spell levels left.
You knew the following spells:

 Your Spells              Type           Power      Damage    Failure   Level
a - Magic Dart            Conj           92%        1d7       1%          1
b - Searing Ray           Conj           46%        2d6       2%          2

Your spell library contained the following spells:

 Spells                   Type           Power      Damage    Failure   Level
 Dazzling Flash           Conj/Hex       26%        N/A       14%         3
 Fulminant Prism          Conj/Hex       6%         3d7       43%         4
 Iskenderun's Mystic Bla  Conj/Tloc      13%        2d5       43%         4


Dungeon Overview and Level Annotations

Branches:
Dungeon (2/15)

Altars:


Innate Abilities, Weirdness & Mutations

You cannot wear most types of armour.
You are amphibious.
You can wear up to eight rings at the same time.
Your skin changes colour to match your surroundings (Stealth+).
Your rubbery body absorbs attacks. (AC +1, EV +1)
((You are camouflaged when in or above water. (Stealth+)))
You have tentacles for arms and can constrict up to eight enemies at once.


Message History

Space warps around you.
Casting: Magic Dart (safe; 1% risk of failure)
Confirm with . or Enter, or press ? or * to list all spells.
Aiming: Searing Ray (safe; 3% risk of failure)
Press: ? - help, Shift-Dir - straight line, f - goblin
Aim: a goblin, wielding a +0 club (72% to hit)
The searing ray hits the goblin.
You kill the goblin! (Press . to maintain the ray.) Robin hits you from afar with a +0 spear of distortion.
Space warps horribly around you!
* * * LOW HITPOINT WARNING * * *
A goblin comes into view. It is wielding a +0 club.
The searing ray hits Robin!
Robin is heavily wounded.
The searing ray hits the goblin.
The goblin is severely wounded.
The searing ray hits the goblin!
You kill the goblin!
Robin throws the goblin at you!
* * * LOW HITPOINT WARNING * * *
The goblin misses you.
The searing ray hits Robin.
Robin is severely wounded.
The searing ray hits the goblin.
You kill the goblin!
The goblin hits you with a +0 club.
* * * LOW HITPOINT WARNING * * *
Robin roars a battlecry!
The goblin goes into a battle-frenzy!
The searing ray hits Robin!
You kill Robin!
You finish channelling your searing ray.
The goblin completely misses you.
Your Spellcasting skill increases to level 3!
You hit the goblin but do no damage. Your grab misses the goblin.
The goblin is severely wounded.
A goblin comes into view. It is wielding a +0 dagger.
The goblin hits you with a +0 club.
You die...

##.#.#########
#.###........# .##
##.#####.# ##
##<####.## .##
##........#
#.###.######..#
##.....# #..#
...#...#####..#########
##.......#.....g@)).).#
##............#######g#
##.......#....#
###.[...####..#
.......).# #..#
.........# #..#
...##..#.###..#
..#...#.......#
.#....#..###.##


You could see 2 goblins.

Vanquished Creatures
  Terence (D:2)
  Robin (D:2)
  An adder (D:2)
  A dart slug (D:1)
  4 endoplasms
  2 giant cockroaches (D:1)
  7 goblins
  4 hobgoblins
  2 jackals (D:1)
  2 kobolds (D:1)
  A quokka (D:2)
  2 ball pythons
  5 bats
  A frilled lizard (D:1)
  9 rats
43 creatures vanquished.

Notes
Turn   | Place    | Note
-------+----------+-------------------------------------------
     0 | D:1      | Ijustatesigmund the Octopode Conjurer began the quest for
                  | the Orb.
     0 | D:1      | Reached XP level 1. HP: 11/11 MP: 3/3
     3 | D:1      | Noticed an electric eel
     4 | D:1      | Noticed an electric eel
   427 | D:1      | Reached XP level 2. HP: 18/18 MP: 3/5
   470 | D:1      | Learned a level 2 spell: Searing Ray
   647 | D:1      | Reached skill level 1 in Fighting
  1479 | D:2      | Reached XP level 3. HP: 23/23 MP: 4/6
  2084 | D:2      | Noticed Terence
  2104 | D:2      | Killed Terence
  2105 | D:2      | Reached XP level 4. HP: 17/29 MP: 0/8
  2305 | D:2      | Noticed Robin
  2314 | D:2      | Killed Robin
  2315 | D:2      | Slain by a goblin

Illustrated notes

Levels and vault maps discovered:
D:1:      arrival_aquarium_b, layout_loops_corners
D:2:      layout_loops_ring, minmay_misc_feat_chi, grunt_decor_clamped,
          hangedman_decor_push, uniq_robin, uniq_terence,
          uniq_crazy_yiuf_cottage

Skill      XL: |  1  2  3  4 |
---------------+-------------+-----
Fighting       | 1 2 |  2.1
Spellcasting   | 3 |  3.0
Dodging        | |  2.0
Stealth        | |  2.6
Conjurations   | |  4.6

Action                     |  1- 3 |  4- 6 || total
---------------------------+-------+-------++-------
  Melee: Quarterstaff      |     9 |    10 ||    19
         Punch             |     1 |       ||     1
         Constrict         |       |     1 ||     1
   Cast: Magic Dart        |    54 |     8 ||    62
         Searing Ray       |     3 |     1 ||     4
    Use: Potion            |     2 |     1 ||     3
 Armour: Skin              |     7 |     2 ||     9
  Dodge: Dodged            |    22 |     8 ||    30
